 Dungeon Crawl Stone Soup version 0.20.1-1-g8b1a95d (console) character file.

11 vuolankoinen the Sneak (level 2, 0/18 HPs)
             Began as an Octopode Enchanter on Nov 24, 2017.
             Slain by a bat (1 damage)
             ... on level 1 of the Dungeon.
             The game lasted 00:01:25 (289 turns).

vuolankoinen the Sneak (Octopode Enchanter)          Turns: 289, Time: 00:01:26

Health: 0/18       AC:  1    Str:  7    XL:     2   Next: 25%
Magic:  5/5        EV: 13    Int: 17    God:
Gold:   28         SH:  0    Dex: 12    Spells: 2/5 levels left

rFire    . . .     SeeInvis .   a - +1 dagger
rCold    . . .     Gourm    .   (no shield)
rNeg     . . .     Faith    .   h - +0 hat
rPois    .         Spirit   .   (no amulet)
rElec    .         Reflect  .   (no ring)
rCorr    .         Harm     .   (no ring)
MR       .....                  (no ring)
Stlth    ++++......             (no ring)
Regen    0.1/turn               (no ring)
MPRegen  0.1/turn               (no ring)
                                (no ring)
                                (no ring)

@: no status effects
A: almost no armour, stealthy swim, amphibious, 8 rings, constrict 8, camouflage
1, gelatinous body 1
a: no special abilities


You were on level 1 of the Dungeon.
You were not hungry.

You visited 1 branch of the dungeon, and saw 1 of its levels.

You collected 28 gold pieces.

Inventory:

Hand Weapons
 a - a +1 dagger (weapon)
Armour
 h - a +0 hat (worn)
Scrolls
 d - a scroll of enchant armour {unknown}
 i - a scroll of identify {unknown}
Potions
 e - a potion of curing {unknown}
 j - a potion of might {unknown}
Books
 b - a book of Maledictions

   Spells                             Type                      Level
   a - Corona                         Hexes                        1
   b - Ensorcelled Hibernation        Hexes/Ice                    2
   c - Confuse                        Hexes                        3
   d - Tukima's Dance                 Hexes                        3
   e - Dazzling Spray                 Conjuration/Hexes            3
Comestibles
 c - a bread ration
 f - a meat ration
 g - a chunk of flesh


   Skills:
 * Level 0.8 Fighting
 + Level 1.0 Short Blades
 + Level 2.0 Dodging
 + Level 4.6 Stealth
 - Level 2.0 Spellcasting
 - Level 3.0 Hexes


You had 2 spell levels left.
You knew the following spells:

 Your Spells              Type           Power        Failure   Level  Hunger
a - Corona                Hex            ##.....      5%          1    #......
b - Ensorcelled Hibernat  Hex/Ice        #.....       16%         2    ###....


Dungeon Overview and Level Annotations

Branches:
Dungeon (1/15)

Altars:


Innate Abilities, Weirdness & Mutations

You cannot wear most types of armour.
You are very stealthy in the water. (Stealth+)
You are amphibious.
You can wear up to eight rings at the same time.
You can use your tentacles to constrict eight enemies at once.
Your skin changes colour to match your surroundings (Stealth+).
Your rubbery body absorbs attacks. (AC +1, EV +1)


Message History

You are too injured to fight recklessly!
You are too injured to fight recklessly!
You hit the ooze. You squeeze the ooze, but do no damage.
The ooze is moderately wounded.
The bat hits you. x2; The ooze hits you.
* * * LOW HITPOINT WARNING * * *
You hit the ooze.
The ooze is moderately wounded.
The ooze misses you. The bat closely misses you.
You hit the bat but do no damage. You grab the bat. You constrict the bat.
The bat hits you but does no damage. The bat closely misses you.
The bat struggles to escape constriction.
The bat escapes!
The ooze hits you.
* * * LOW HITPOINT WARNING * * *
You hit the ooze.
The ooze is severely wounded.
The bat barely misses you. The ooze closely misses you.
The bat hits you but does no damage.
You hit the bat. Your grab misses the bat.
The bat is severely wounded.
The bat closely misses you. The bat hits you.
You die...

### #...####.#.###
..##
.............#
##.##
##...####.#...#
##.#
...........>.# #.#
........##)..#
#.## #.!.##.##†.>#
##.#
#...##.##...## #.#
##............##
##.#
#................#
##.##
.......b#.....##.#
##.##
...###.@#!....# #
..## #bJ#.###.#
### ....#.# .#
###.##.# .# #. ...
.. b. ##


You could see an ooze and 2 bats.

Vanquished Creatures
  A dart slug (D:1)
  A giant cockroach (D:1)
  2 goblins (D:1)
  A kobold (D:1)
  A bat (D:1)
  A frilled lizard (D:1)
  2 rats (D:1)
9 creatures vanquished.

Notes
Turn   | Place    | Note
-------+----------+-------------------------------------------
     0 | D:1      | vuolankoinen the Octopode Enchanter began the quest for the Orb.
     0 | D:1      | Reached XP level 1. HP: 11/11 MP: 3/3
   185 | D:1      | Reached XP level 2. HP: 18/18 MP: 5/5
   203 | D:1      | Learned a level 2 spell: Ensorcelled Hibernation
   289 | D:1      | Slain by a bat

Action                   || total
-------------------------++-------
Melee: Dagger            ||    21
       Constrict         ||     5
       Tentacles         ||     1
 Stab: Sleeping          ||     5
Armor: Skin              ||     4
Dodge: Dodged            ||    22
